 Dungeon Crawl Stone Soup version 0.28.0-47-ge53b351184 (webtiles) character file.

Game seed: 403982080745946972

560 pkoi the Conjurer (level 6, 0/45 HPs)
             Began as a Demigod Conjurer on May 8, 2022.
             Succumbed to a scorpion's poison
             ... on level 4 of the Dungeon.
             The game lasted 00:05:16 (6349 turns).

pkoi the Conjurer (Demigod Conjurer)                Turns: 6349, Time: 00:05:17

Health: 0/45       AC:  8    Str:  8    XL:     6   Next: 83%
Magic:  0/14       EV: 12    Int: 28    God:
Gold:   216        SH:  0    Dex: 12    Spells: 5/12 levels left

rFire   . . .      SeeInvis .   h - +1 dagger (speed)
rCold   . . .      Faith    .   (no shield)
rNeg    . . .      Spirit   .   a - +0 robe
rPois   .          Reflect  .   i - +1 helmet
rElec   .          Harm     .   (no cloak)
rCorr   .          Rampage  .   (no gloves)
Will    .....                   p - +2 pair of boots
Stlth   ++........              (no amulet)
HPRegen 0.15/turn               (no ring)
MPRegen 0.14/turn               (no ring)

@: lethally poisoned (0 -> -11), attractive, very slightly contaminated,
invisible
A: high MP 1, forlorn, divine attributes, iridescent scales 1, deformed body
a: no special abilities


You were on level 4 of the Dungeon.
You visited 1 branch of the dungeon, and saw 4 of its levels.

You collected 216 gold pieces.

Inventory:

Hand Weapons
 c - a +0 dagger
 d - a +0 whip
 h - a +1 dagger of speed (weapon)
 j - a +0 rapier
Armour
 a - a +0 robe (worn)
 i - a +1 helmet (worn)
 p - a +2 pair of boots (worn)
Scrolls
 b - a scroll of fog {unknown}
 f - a scroll of teleportation
 n - 2 scrolls of magic mapping


   Skills:
 - Level 1.7 Dodging
 - Level 1.7 Stealth
 + Level 3.5 Spellcasting
 * Level 6.1 Conjurations
 + Level 3.1 Translocations


You had 5 spell levels left.
You knew the following spells:

 Your Spells              Type           Power      Damage    Failure   Level
a - Magic Dart            Conj           100%       1d8       1%          1
b - Searing Ray           Conj           78%        2d7       1%          2
c - Iskenderun's Mystic   Conj/Tloc      31%        2d8       12%         4

Your spell library contained the following spells:

 Spells                   Type           Power      Damage    Failure   Level
 Dazzling Flash           Conj/Hex       44%        N/A       7%          3
 Freeze                   Ice            16%        1d4       8%          1
 Fulminant Prism          Conj/Hex       11%        3d9       22%         4
 Hailstorm                Conj/Ice       22%        3d7       22%         4
 Frozen Ramparts          Ice            8%         1d2       24%         3
 Starburst                Conj/Fire      11%        6d5       98%         6


Dungeon Overview and Level Annotations

Branches:
Dungeon (4/15)
 Temple: D:4-7

Shops:
D:3 ((   D:4 =


Innate Abilities, Weirdness & Mutations

You have an increased reservoir of magic. (+10% MP)
You shall have no god before yourself.
Your divine heritage dramatically boosts your attributes as you level up.
You are partially covered in iridescent scales. (AC +2)
Armour fits poorly on your strangely shaped body.


Message History

The scorpion stings you but does no damage.
The scorpion stings you.
* * * LOW HITPOINT WARNING * * *
You are poisoned.
The scorpion poisons you!
Unknown command.
The searing ray hits the scorpion.
The scorpion is severely wounded.
* * * LOW HITPOINT WARNING * * *
You feel very sick. The scorpion barely misses you.
Unknown command.
The searing ray hits the scorpion.
The scorpion is almost dead.
You finish channelling your searing ray.
You feel sick. The scorpion barely misses you.
Unknown command.
Aiming: Magic Dart (safe; 1% risk of failure)
Press: ? - help, Q - select action, (/) - cycle Shift-Dir - straight line, f - scorpion
Aim: a scorpion (almost dead, 100% to hit)
The magic dart hits the scorpion but does no damage.
The scorpion is almost dead.
You feel sick. The scorpion stings you.
* * * LOW HITPOINT WARNING * * *
You are lethally poisoned!
The scorpion poisons you!
Aiming: Magic Dart (safe; 1% risk of failure)
Press: ? - help, Q - select action, (/) - cycle Shift-Dir - straight line, f/p - scorpion
Aim: a scorpion (almost dead, 100% to hit)
The magic dart hits the scorpion.
You kill the scorpion!
* * * LOW HITPOINT WARNING * * *
You feel very sick.
It was a potion of invisibility.
You fade into invisibility!
* * * LOW HITPOINT WARNING * * *
You feel very sick.
It was a potion of attraction.
You feel attractive to monsters.
You die...

,,∩,**** **,*#######.##
# ,*,,,,,* *,,*#.......#
#
,**,*,,*####.###.#######
# ,**,*,,,.........# #
,**,*,+*#######+.# #
,**,,,*,,,,,,,,#.#######
#
,***,,*⌠,,,,,,⌠#....<..#
# ,*
*,,*,,_,,_,,#..####.# #
,***,,*⌠,,,,,,⌠#@## *,#
# ,,,*,,**#******#)# *,*
# ,,..,,###$,,,**#.# *,*
#
,,..,.##s..,,,##.#####.#
#
,,.#...##.Os,##........#
#
,,.#..,.#8.$8#....####.#
######
##n..,,...$.......# *,*
#.....
#..#,**##.........# *,*
#.#### #.#####
########### #.# #.#


There were no monsters in sight!

Vanquished Creatures
  An ogre (D:4)
  A necrophage (D:4)
  A bullfrog (D:4)
  2 scorpions (D:4)
  A hound (D:4)
  A bullfrog skeleton (D:4)
  Terence (D:1)
  Robin (D:2)
  3 adders
  An adder skeleton (D:4)
  3 worms (D:2)
  2 orcs
  5 bats
  6 endoplasms
  14 goblins
  5 hobgoblins
  9 jackals
  4 kobolds
  2 quokkas (D:1)
  4 ball pythons
  3 frilled lizards
  5 rats
75 creatures vanquished.

Notes
Turn   | Place    | Note
-------+----------+-------------------------------------------
     0 | D:1      | pkoi the Demigod Conjurer began the quest for the Orb.
     0 | D:1      | Reached XP level 1. HP: 14/14 MP: 5/5
   679 | D:1      | Reached XP level 2. HP: 20/20 MP: 5/7
   968 | D:1      | Reached skill level 4 in Conjurations
  1498 | D:2      | Noticed Terence
  1547 | D:1      | Killed Terence
  1548 | D:1      | Reached skill level 1 in Translocations
  1548 | D:1      | Reached XP level 3. HP: 12/26 MP: 0/8
  1825 | D:1      | Learned a level 2 spell: Searing Ray
  2506 | D:2      | Noticed Robin
  3111 | D:2      | Killed Robin
  3112 | D:2      | Reached XP level 4. HP: 19/33 MP: 5/10
  4145 | D:3      | Found Hira Mal's Weapon Emporium.
  4533 | D:3      | Found Dissar's Weapon Emporium.
  4546 | D:3      | Learned a level 4 spell: Iskenderun's Mystic Blast
  5300 | D:4      | Gained mutation: You are partially covered in iridescent
                  | scales. (AC +2) [potion of mutation]
  5300 | D:4      | Gained mutation: Armour fits poorly on your strangely
                  | shaped body. [potion of mutation]
  5300 | D:4      | Gained mutation: You are weak. (Str -2) [potion of
                  | mutation]
  5300 | D:4      | Lost mutation: You are weak. (Str -2) [potion of mutation]
  5380 | D:4      | Reached skill level 5 in Conjurations
  5380 | D:4      | Reached XP level 5. HP: 31/38 MP: 2/11
  5474 | D:4      | Noticed a necrophage
  5495 | D:4      | Killed a necrophage
  5787 | D:4      | Found Yseneph's Jewellery Boutique.
  5849 | D:4      | Reached XP level 6. HP: 6/45 MP: 3/13
  6343 | D:4      | Reached skill level 6 in Conjurations
  6349 | D:4      | Succumbed to a scorpion's poison

Illustrated notes

Levels and vault maps discovered:
D:1:      minmay_arrival_jagged, layout_rooms
D:2:      layout_basic, minivault_24, uniq_robin, uniq_terence
D:3:      layout_basic, basic_ecumenical_altar, serial_shops, shop, shop
D:4:      layout_loops_ring, nicolae_overflow_crystal_walls,
          jmf_multi_god_temple, serial_shops, shop, shop

Skill      XL: |  1  2  3  4  5  6 |
---------------+-------------------+-----
Spellcasting   | 2 3 |  3.5
Conjurations   | 4 5 6 |  6.1
Translocations | 1 2 3 |  3.1
Dodging        | |  1.7
Stealth        | |  1.7

Action                   |  1- 3 |  4- 6 || total
-------------------------+-------+-------++-------
Melee: Dagger            |    21 |     1 ||    22
 Cast: Magic Dart        |    88 |    67 ||   155
       Searing Ray       |     2 |     7 ||     9
  Use: Scroll            |       |     5 ||     5
       Potion            |       |     5 ||     5
Armor: Robe              |     5 |    13 ||    18
Dodge: Dodged            |    32 |    18 ||    50
